 Dungeon Crawl Stone Soup version 0.25-a0-578-gc91f01c39c (webtiles) character file.

Game seed: 15705603539949599092, levelgen mode: deterministic

5267 Dustman the Fighter (level 10, 0/83 HPs)
             Began as a Barachi Wizard on Mar 7, 2020.
             Was a Believer of Nemelex Xobeh.
             Slain by a meliai
             ... wielding a +0 hand axe
              (6 damage)
             ... in a Gauntlet.
             The game lasted 01:45:19 (7425 turns).

Dustman the Fighter (Barachi Wizard)                Turns: 7425, Time: 01:45:19

Health: 0/83       AC: 12    Str:  6    XL:     10   Next: 62%
Magic:  8/22       EV: 11    Int: 29    God:    Nemelex Xobeh [**....]
Gold:   486        SH:  4    Dex: 10    Spells: 17/26 levels left

rFire    + . .     SeeInvis .   N - +9 war axe of Hoamul {vorpal, rElec MR+ Str-3}
rCold    + . .     Gourm    .   L - +0 buckler
rNeg     . . .     Faith    .   G - +3 leather armour {rC+}
rPois    +         Spirit   .   v - +0 helmet of Chimes {rElec Stlth+}
rElec    +         Reflect  .   O - +2 cloak {rPois}
rCorr    .         Harm     .   M - +0 pair of gloves
MR       ++...     NoTele   +   (no boots)
Stlth    ++........             (no amulet)
HPRegen  0.23/turn              H - ring of protection from magic
MPRegen  0.18/turn              E - ring "Liong" {rF+ Int+7 Slay-6}

@: can't hop, slow
A: +LOS, swims, slowness 1, strong legs 1
a: Hop, Draw Escape, Draw Destruction, Draw Summoning, Renounce Religion


You were in a Gauntlet.
You worshipped Nemelex Xobeh.
Nemelex Xobeh was pleased with you.
You were not hungry.

You visited 3 branches of the dungeon, and saw 10 of its levels.
You also visited: Gauntlet.

You collected 585 gold pieces.
You spent 99 gold pieces at shops.

Inventory:

Hand Weapons
 n - a +0 falchion of protection
 N - the +9 war axe of Hoamul (weapon) {vorpal, rElec MR+ Str-3}
   (You found it on level 7 of the Dungeon)

   It inflicts extra damage upon your enemies.
   It affects your strength (-3).
   It insulates you from electricity.
   It affects your resistance to hostile enchantments.
Missiles
 a - a throwing net
 A - 7 atropa-tipped darts (quivered)
Armour
 u - a +2 robe of fire resistance
 v - the +0 helmet of Chimes (worn) {rElec Stlth+}
   (You found it on level 4 of the Dungeon)

   It insulates you from electricity.
   It makes you more stealthy.
   If you remove this armour, your AC will decrease by 1 (12 -> 11).
 B - a +2 hat
 G - a +3 leather armour of cold resistance (worn)
 L - a +0 buckler (worn)
 M - a +0 pair of gloves (worn)
 O - a +2 cloak of poison resistance (worn)
Jewellery
 b - an uncursed ring of resist corrosion
 E - the ring "Liong" (right hand) {rF+ Int+7 Slay-6}
   (You found it in a Gauntlet)

   [ring of protection from fire]

   It affects your intelligence (+7).
   It affects your accuracy and damage with ranged weapons and melee attacks
   (-6).
   It protects you from fire.
 H - a ring of protection from magic (left hand)
Wands
 p - a wand of flame (22)
 w - a wand of digging (21)
 F - a wand of iceblast (5)
 J - a wand of paralysis (9)
 K - a wand of scattershot (5)
Scrolls
 e - 3 scrolls of fog
 g - 2 scrolls of teleportation
 i - 3 scrolls of magic mapping
 l - 4 scrolls of remove curse
 q - a scroll of identify
 r - a scroll of enchant armour {unknown}
 s - 2 scrolls of fear {unknown}
 t - a scroll of immolation {unknown}
 x - 2 scrolls of random uselessness {unknown}
 y - a scroll of amnesia {unknown}
 I - 2 scrolls of enchant weapon {unknown}
Potions
 c - 7 potions of stabbing
 f - 4 potions of might {unknown}
 h - 5 potions of curing
 j - 2 potions of heal wounds {unknown}
 k - 4 potions of haste
 m - 2 potions of invisibility {unknown}
 o - 4 potions of magic
 z - 2 potions of lignification
 D - 2 potions of mutation
Comestibles
 d - 21 rations


   Skills:
 + Level 9.3 Fighting
 + Level 4.5 Armour
 - Level 2.1 Dodging
 - Level 1.7 Stealth
 + Level 3.9 Shields
 + Level 8.7 Spellcasting
 - Level 4.1 Conjurations
 - Level 7.5 Summonings
 - Level 1.1 Translocations
 + Level 2.6 Ice Magic
 - Level 2.9 Invocations
 - Level 3.4 Evocations


You had 17 spell levels left.
You knew the following spells:

 Your Spells              Type           Power        Failure   Level  Hunger
a - Magic Dart            Conj           ####         1%          1    None
b - Blink                 Tloc           N/A          6%          2    None
c - Call Imp              Summ           ######..     1%          2    None
d - Summon Ice Beast      Ice/Summ       #####...     8%          4    None

Your spell library contained the following spells:

 Spells                   Type           Power        Failure   Level  Hunger
 Freeze                   Ice            ####         2%          1    None
 Sandblast                Erth           ##....       6%          1    None
 Frozen Ramparts          Ice            ####..       7%          3    None
 Conjure Flame            Conj/Fire      ###.....     9%          3    None
 Stone Arrow              Conj/Erth      ###...       9%          3    None
 Passwall                 Tmut/Erth      ##......     10%         2    None
 Slow                     Hex            ##......     10%         2    None
 Mephitic Cloud           Conj/Pois/Air  ###.....     11%         3    None
 Ozocubu's Armour         Chrm/Ice       ###.....     12%         3    None
 Hailstorm                Conj/Ice       ####....     16%         4    None
 Petrify                  Tmut/Erth      ##......     54%         4    None
 Lee's Rapid Deconstruct  Erth           ##........   87%         5    ####...


Dungeon Overview and Level Annotations

Branches:
Dungeon (8/15)             Temple (1/1) D:5            Lair (1/6) D:8
Gauntlet (1/1)

Altars:
Ashenzari
Cheibriados
Dithmenos
Elyvilon
Fedhas
Gozag
Hepliaklqana
Kikubaaqudgha
Makhleb
Nemelex Xobeh
Okawaru
Qazlal
Ru
Sif Muna
Trog
Uskayaw
Vehumet
Wu Jian
Xom
Yredelemnul
Zin
The Shining One

Shops:
D:4 }   D:7 :

Annotations:
D:8 1 runed translucent door, Erica; KennyOmg's ghost, novice MiBe Gauntlet 7 transporters, 5 runed translucent doors, exclusion: ice statue


Innate Abilities, Weirdness & Mutations

You can be seen from farther away. (+LOS)
You can swim through water.
You cover ground slowly.
You can hop short distances.


Message History

The floor, spattered with blood.
Okay, then.
Casting: Summon Ice Beast (safe; 8% risk of failure)
Confirm with . or Enter, or press ? or * to list all spells.
A beastly little devil appears in a puff of frigid air.
The meliai barely misses your ice beast.
The meliai stings your ice beast!
Your ice beast hits the meliai but does no damage.
Casting: Call Imp (safe; 1% risk of failure)
Confirm with . or Enter, or press ? or * to list all spells.
A beastly little devil appears in a puff of frigid air.
The meliai hits your ice beast with a +0 hand axe!
Your ice beast dies!
The meliai hits your white imp with a +0 hand axe.
The meliai invokes the aid of its god against you.
Something smites you!
* * * LOW HITPOINT WARNING * * *
The meliai hits you with a +0 hand axe.
You die...
Your body disappears without a glow.

#≈≈..8.#.8.8.8.8.8.#.8.
##≈....#©.........©#...
##.#########.#########
##≈.#.....#.#.#.......#
#≈≈.#.##..#.#.#.#####.#
##≈.##..##..#.#.+...+.
##.##..©..####w#.©.#.#
#≈.#.)##..##.#w#≈≈≈#.
#≈≈.#.#.!##@#.#w#####.#
##≈.#.#)5"y5#.#w[)©!..#
##.#########.########
#≈...................
#≈≈≈#≈≈≈#..∩.8.∩..#≈≈≈
##≈ ##≈###.......###≈ #
## ######### ........
8.©.©.8.8


You could see a tyrant leech, 3 swamp worms, a meliai and 2 friendly white imps.

Vanquished Creatures
  Maurice (D:8)
  2 rime drakes (Gauntlet)
  2 meliai (Gauntlet)
  Sigmund (D:5)
  3 sky beasts
  An orc warrior (D:8)
  3 ogres
  2 centaurs
  A big kobold (D:7)
  A bullfrog (D:6)
  A water moccasin zombie (D:7)
  5 scorpions
  A vampire bat (D:6)
  2 orc priests
  A hound (D:7)
  A jelly (D:5)
  2 bullfrog skeletons
  A gnoll shaman (D:5)
  Crazy Yiuf (D:4)
  5 worker ants
  An orc wizard (D:7)
  Natasha (D:2)
  A hound zombie (D:5)
  A worker ant zombie (D:5)
  5 adders
  A gnoll (D:8)
  2 oozes
  9 dart slugs
  4 worms
  4 leopard geckos
  9 orcs
  A ball python (D:3)
  A bat skeleton (D:6)
  A bat zombie (D:6)
  4 giant cockroaches
  6 goblins
  8 hobgoblins
  6 kobolds
  3 quokkas
  3 bats
  5 frilled lizards
  2 jackal zombies
  7 rats
122 creatures vanquished.

Vanquished Creatures (collateral kills)
  Pikel (D:8)
  Joseph (D:7)
  A spiny frog (Lair:1)
  A raiju (Gauntlet)
  Grinder (D:4)
  A steam dragon (Gauntlet)
  A water moccasin (Lair:1)
  3 orc warriors
  2 slaves (D:8)
  2 black bears (D:6)
  A phantom (D:5)
  4 ogres
  A centaur (D:6)
  A wyvern zombie (D:6)
  A gnoll sergeant (D:8)
  2 scorpions (D:5)
  A howler monkey (D:5)
  A quasit (D:6)
  A jelly (D:6)
  2 orc priests
  3 hounds
  A bullfrog skeleton (D:5)
  A centaur skeleton (D:7)
  Natasha (twice) (D:2)
  An iguana (D:7)
  2 orc wizards
  5 worker ants
  A killer bee zombie (D:6)
  A hound zombie (D:7)
  A hound skeleton (D:5)
  2 gnolls (D:8)
  5 adders
  A shadow imp (D:6)
  2 adder skeletons
  2 worms
  3 dart slugs (D:3)
  A leopard gecko (D:4)
  9 orcs
  2 bat zombies (D:6)
  A giant cockroach (D:4)
  3 jackals (D:6)
  4 kobolds (D:7)
  A quokka (D:5)
83 creatures vanquished.

Vanquished Creatures (others)
  A slave (D:8)
  A ball lightning (Gauntlet)
2 creatures vanquished.

Grand Total: 207 creatures vanquished

Notes
Turn   | Place    | Note
-------+----------+-------------------------------------------
     0 | D:1      | Dustman the Barachi Wizard began the quest for the Orb.
     0 | D:1      | Reached XP level 1. HP: 13/13 MP: 4/4
   189 | D:1      | Reached skill level 1 in Fighting
   189 | D:1      | Reached XP level 2. HP: 14/21 MP: 0/6
   450 | D:1      | Reached XP level 3. HP: 25/26 MP: 4/8
   674 | D:2      | Noticed Natasha
   836 | D:2      | Found a faded altar of an unknown god.
   890 | D:2      | Reached skill level 2 in Fighting
  1117 | D:3      | Reached XP level 4. HP: 24/33 MP: 7/9
  1118 | D:3      | Found a blossoming altar of Fedhas.
  1250 | D:3      | Learned a level 2 spell: Call Imp
  1253 | D:3      | Learned a level 2 spell: Blink
  1258 | D:3      | Found a shattered altar of Ashenzari.
  1338 | D:3      | Found a shimmering blue altar of Sif Muna.
  1556 | D:2      | Reached XP level 5. HP: 34/40 MP: 6/11
  1573 | D:2      | Killed Natasha
  1587 | D:2      | Noticed Natasha
  1599 | D:2      | Killed Natasha
  1599 | D:2      | Reached skill level 3 in Fighting
  1731 | D:2      | Noticed Natasha
  1735 | D:2      | Killed Natasha
  1929 | D:4      | Noticed an ogre
  1940 | D:4      | Killed an ogre
  1940 | D:4      | Reached XP level 6. HP: 35/47 MP: 2/12
  2342 | D:4      | Reached skill level 4 in Fighting
  2472 | D:4      | Reached XP level 7. HP: 35/54 MP: 9/14
  2488 | D:4      | Got a transparent helmet
  2549 | D:4      | Noticed Grinder
  2571 | D:5      | Entered Level 5 of the Dungeon
  2604 | D:5      | Identified the +0 helmet of Chimes {rElec Stlth+} (You
                  | found it on level 4 of the Dungeon)
  2620 | D:5      | Reached skill level 5 in Spellcasting
  2694 | D:5      | Noticed Sigmund
  2700 | D:5      | Killed Sigmund
  2810 | D:5      | Reached skill level 5 in Fighting
  2883 | D:5      | Found a staircase to the Ecumenical Temple.
  3007 | Temple   | Entered the Ecumenical Temple
  3145 | Temple   | Became a worshipper of Nemelex Xobeh the Trickster
  3228 | D:5      | Reached skill level 5 in Summonings
  3228 | D:5      | Reached XP level 8. HP: 63/63 MP: 10/16
  3300 | D:5      | Received a gift from Nemelex Xobeh
  3388 | D:4      | Found Jeweaqo's Gadget Emporium.
  3518 | D:4      | Killed Grinder
  3518 | D:4      | Reached skill level 6 in Fighting
  3602 | D:4      | Found a runed translucent door.
  3603 | D:4      | Noticed Crazy Yiuf
  3626 | D:4      | Killed Crazy Yiuf
  3709 | D:4      | Bought a wand of iceblast (5) for 99 gold pieces
  3800 | D:6      | Found a bloodstained altar of Trog.
  4074 | D:5      | Reached skill level 7 in Fighting
  4089 | D:5      | Reached XP level 9. HP: 20/72 MP: 14/19
  4376 | D:6      | Found an ancient bone altar of Kikubaaqudgha.
  4472 | D:6      | Reached * piety under Nemelex Xobeh
  4528 | D:6      | Found a basalt altar of Yredelemnul.
  4701 | D:6      | Received a gift from Nemelex Xobeh
  4987 | D:7      | Noticed Joseph
  5029 | D:7      | Killed Joseph
  5029 | D:7      | Reached skill level 8 in Fighting
  5029 | D:7      | Reached skill level 1 in Invocations
  5029 | D:7      | Reached skill level 1 in Evocations
  5124 | D:7      | Found Owuerole's Book Emporium.
  5339 | D:7      | Reached skill level 1 in Armour
  5442 | D:7      | Found a shimmering altar of Xom.
  5459 | D:7      | Found a burning altar of Makhleb.
  5517 | D:7      | Got a scorched war axe
  5557 | D:7      | Reached skill level 1 in Shields
  5584 | D:7      | Noticed an angel
  5585 | D:7      | Found a glowing silver altar of Zin.
  5823 | D:8      | Received a gift from Nemelex Xobeh
  5829 | D:8      | Found a runed translucent door.
  5846 | D:8      | Noticed Erica
  6117 | D:7      | Identified the +9 war axe of Hoamul {vorpal, rElec MR+
                  | Str-3} (You found it on level 7 of the Dungeon)
  6143 | D:8      | Noticed Maurice
  6148 | D:8      | Killed Maurice
  6148 | D:8      | Reached XP level 10. HP: 65/82 MP: 18/22
  6360 | D:8      | Found a hazy altar of Hepliaklqana.
  6429 | D:8      | Reached ** piety under Nemelex Xobeh
  6493 | D:8      | Received a gift from Nemelex Xobeh
  6501 | D:8      | Found a staircase to the Lair.
  6562 | D:8      | Noticed Pikel
  6568 | D:8      | Killed Pikel
  6662 | D:8      | Noticed KennyOmg's ghost (novice MiBe)
  6764 | Lair:1   | Entered Level 1 of the Lair of Beasts
  6803 | Lair:1   | Learned a level 4 spell: Summon Ice Beast
  6845 | Lair:1   | Noticed a spiny frog
  6857 | Lair:1   | Killed a spiny frog
  6857 | Lair:1   | Reached skill level 9 in Fighting
  6895 | Lair:1   | Found a gate leading to a gauntlet.
  6908 | Gauntlet | Entered a Gauntlet
  6908 | Gauntlet | Found a transporter.
  6908 | Gauntlet | Found a transporter.
  6908 | Gauntlet | Found a runed translucent door.
  6908 | Gauntlet | Found a runed translucent door.
  6908 | Gauntlet | Noticed an ice statue
  6908 | Gauntlet | Noticed a moth of wrath
  6909 | Gauntlet | Found a transporter.
  6909 | Gauntlet | Found a transporter.
  6933 | Gauntlet | Found a transporter.
  6951 | Gauntlet | Found a transporter.
  6974 | Gauntlet | Reached skill level 1 in Ice Magic
  6988 | Gauntlet | Found a transporter.
  6988 | Gauntlet | Noticed a necromancer
  6996 | Gauntlet | Found a transporter.
  6996 | Gauntlet | Found a transporter.
  6997 | Gauntlet | Found a runed translucent door.
  6997 | Gauntlet | Found a transporter.
  7000 | Gauntlet | Found a runed translucent door.
  7000 | Gauntlet | Found a runed translucent door.
  7164 | Gauntlet | Got a wavering jade ring
  7170 | Gauntlet | Found a transporter.
  7173 | Gauntlet | Found a transporter.
  7187 | Gauntlet | Identified the ring "Liong" {rF+ Int+7 Slay-6} (You found
                  | it in a Gauntlet)
  7425 | Gauntlet | Slain by a meliai

Levels and vault maps discovered:
D:1:      heliophobic_arrival_dark_side_of_the_moon, layout_loops_ring,
          minmay_misc_feat_hallway
D:2:      layout_basic, chequers_ecumenical_altar_twisty,
          kennysheep_generic_room_15, uniq_natasha
D:3:      kennysheep_slugbush, layout_loops_ring, ashenzari_conservatory_becter,
          nicolae_overflow_hidden_temple, hex_large, minmay_misc_feat_rows,
          fedhas_altar_fruit_tree
D:4:      layout_rooms, first_ration, serial_shops, kennysheep_mini,
          kennysheep_generic_room_3, uniq_grinder, uniq_crazy_yiuf_cottage
D:5:      minmay_clustersquares, layout_rooms, minmay_temple_entry_trees,
          minmay_increasing_density, uniq_sigmund
D:6:      layout_basic, yredelemnul_altar_generic, kennysheep_vampire_church,
          trog_ov_bears_minmay
D:7:      layout_basic, grunt_temple_overflow_order_and_chaos_1,
          lemuel_doored_altar, serial_shops, shop, grunt_ogre_cave, uniq_joseph
D:8:      layout_cave_pools, old_standard_altar, lair_entry_dummy,
          ebering_ghost_reflecting_pool, uniq_erica, uniq_pikel, uniq_maurice
Temple:   nicolae_temple_figure_eight
Lair:1:   layout_loops_ring, gauntlet_entry_generic
Gauntlet: minmay_gauntlet_77_indecision [minmay_gauntlet_arena_77_cramped,
          minmay_gauntlet_arena_77_fan, minmay_gauntlet_arena_77_mess,
          minmay_gauntlet_arena_77_path, minmay_gauntlet_arena_77_squiggly,
          minmay_gauntlet_arena_77_shame_cube, gauntlet_exit_green]

Skill      XL: |  1  2  3  4  5  6  7  8  9 10 |
---------------+-------------------------------+-----
Fighting       | 1 2 3 4 5 7 8 9 |  9.3
Conjurations   | 2 3 4 |  4.1
Spellcasting   | 4 5 7 8 |  8.7
Summonings     | 2 3 5 6 7 |  7.5
Invocations    | 2 |  2.9
Evocations     | 2 3 |  3.4
Armour         | 2 4 |  4.5
Shields        | 2 3 |  3.9
Ice Magic      | 2 |  2.6
Dodging        | |  2.1
Stealth        | |  1.7
Translocations | |  1.1

Action                   |  1- 3 |  4- 6 |  7- 9 | 10-12 || total
-------------------------+-------+-------+-------+-------++-------
Melee: Whip              |    39 |       |       |       ||    39
       Falchion          |    33 |    98 |   324 |    59 ||   514
       War axe           |       |       |       |     5 ||     5
 Cast: Magic Dart        |    64 |    33 |    57 |     9 ||   163
       Call Imp          |       |    34 |    98 |    15 ||   147
       Summon Ice Beast  |       |       |       |     4 ||     4
Invok: Draw Summoning    |       |       |     2 |       ||     2
       Draw Destruction  |       |       |     7 |     8 ||    15
 Abil: Hop               |     1 |       |     1 |     2 ||     4
Evoke: Wand              |       |     6 |    12 |     2 ||    20
  Use: Potion            |       |     1 |     1 |     3 ||     5
       Scroll            |       |       |    10 |     3 ||    13
 Stab: Sleeping          |     1 |     3 |     4 |     1 ||     9
       Distracted        |       |     1 |     5 |     1 ||     7
  Eat: Chunk             |     1 |     6 |    12 |       ||    19
       Ration            |       |       |     1 |     1 ||     2
Armor: Robe              |    14 |    40 |   136 |       ||   190
       Leather armour    |       |       |    50 |    38 ||    88
Dodge: Dodged            |    41 |    85 |   254 |    52 ||   432
Block: Buckler           |       |       |    10 |    20 ||    30
       Rpst.: Falchion   |     5 |    31 |    81 |    10 ||   127

Table legend:
 A = Non-vault XP
 B = Vault XP
 C = Vault XP percentage of total XP
 D = Non-vault monster count
 E = Vault monster count
 F = Vault count percentage of total count
                 A         B        C        D         E       F
            +---------+---------+-------+---------+---------+-------
      Total |    3328 |    4197 |  55.8 |     151 |      52 |  25.6
            +---------+---------+-------+---------+---------+-------
        D:1 |      41 |       0 |   0.0 |      18 |       0 |   0.0
        D:2 |      76 |      20 |  20.8 |      10 |       2 |  16.7
        D:3 |     176 |      33 |  15.8 |      30 |      10 |  25.0
        D:4 |     467 |     199 |  29.9 |      19 |       3 |  13.6
        D:5 |     426 |     842 |  66.4 |      16 |      20 |  55.6
        D:6 |     546 |     201 |  26.9 |      16 |       7 |  30.4
        D:7 |     696 |     340 |  32.8 |      20 |       2 |   9.1
        D:8 |     517 |     970 |  65.2 |      20 |       2 |   9.1
     Lair:1 |     383 |       0 |   0.0 |       2 |       0 |   0.0
   Gauntlet |       0 |    1592 | 100.0 |       0 |       6 | 100.0
            +---------+---------+-------+---------+---------+-------
